 Dungeon Crawl Stone Soup version 0.25-a0-429-g4e43983 (webtiles) character file.

Game seed: 14392057952967939429, levelgen mode: deterministic

60 15 the Firebug (level 4, 0/24 HPs)
             Began as a Tengu Fire Elementalist on Jan 25, 2020.
             Slain by Natasha (5 damage)
             ... on level 2 of the Dungeon on Jan 26, 2020.
             The game lasted 00:08:37 (937 turns).

15 the Firebug (Tengu Fire Elementalist)             Turns: 937, Time: 00:08:38

Health: 0/24       AC:  2    Str:  9    XL:     4   Next: 4%
Magic:  5/8        EV: 13    Int: 15    God:
Gold:   60         SH:  0    Dex: 15    Spells: 3/7 levels left

rFire    + . .     SeeInvis .   k - +0 dagger
rCold    + . .     Gourm    .   (no shield)
rNeg     . . .     Faith    .   a - +0 robe
rPois    +         Spirit   .   (helmet restricted)
rElec    +         Reflect  .   (no cloak)
rCorr    +         Harm     .   (no gloves)
MR       .....                  (boots unavailable)
Stlth    ++........             (no amulet)
HPRegen  0.08/turn              (no ring)
MPRegen  0.11/turn              (no ring)

@: about to teleport, resistant
A: beak, talons 3
a: no special abilities


You were on level 2 of the Dungeon.
You were not hungry.

You visited 1 branch of the dungeon, and saw 2 of its levels.

You collected 60 gold pieces.

Inventory:

Hand Weapons
 h - a +0 mace
 k - a +0 dagger (weapon)
Missiles
 d - 39 stones (quivered)
Armour
 a - a +0 robe (worn)
Scrolls
 f - a scroll of amnesia {unknown}
 j - a scroll of magic mapping {unknown}
 l - 2 scrolls of noise {unknown}
Potions
 n - a potion of invisibility
Comestibles
 c - 2 rations
 g - 2 chunks of flesh


   Skills:
 + Level 2.8 Dodging
 + Level 2.4 Stealth
 + Level 2.4 Spellcasting
 + Level 1.7 Conjurations
 + Level 4.2 Fire Magic


You had 3 spell levels left.
You knew the following spells:

 Your Spells              Type           Power        Failure   Level  Hunger
a - Foxfire               Conj/Fire      ##..         6%          1    #......
b - Conjure Flame         Conj/Fire      ##......     19%         3    ###....

Your spell library contained the following spells:

 Spells                   Type           Power        Failure   Level  Hunger
 Inner Flame              Hex/Fire       #.......     26%         3    ###....
 Sticky Flame             Conj/Fire      ##......     52%         4    #####..
 Fireball                 Conj/Fire      ##........   86%         5    ######.


Dungeon Overview and Level Annotations

Branches:
Dungeon (2/15)

Altars:

Annotations:
D:2 Natasha


Innate Abilities, Weirdness & Mutations

You have a beak for a mouth.
You have claws for feet.


Message History

Natasha casts a spell.
Casting: Foxfire (safe; 6% risk of failure)
Confirm with . or Enter, or press ? or * to list all spells.
You don't know that spell.
Sorry, you're not good enough to have a special ability.
Casting: Foxfire (safe; 6% risk of failure)
Confirm with . or Enter, or press ? or * to list all spells.
You conjure some foxfire!
Natasha casts a spell at you. The magic dart hits you.
* * * LOW HITPOINT WARNING * * *
You feel better.
The foxfire hits Natasha.
Natasha is moderately wounded.
Natasha closely misses you. The iron imp hits you!
* * * LOW HITPOINT WARNING * * *
As you read the scroll of teleportation, it crumbles to dust.
You feel strangely unstable.
The crimson imp shouts, "Give up, thou dankish fen-sucked gnoll-tail!"
Natasha claws you.
You die...

#.## .########
...###.........
#...#########.
...>...#####.
###h..#.#....<
#.....#.#.####
#####.#.......#
#.h...#########
#@#.֠......
#5#.#.......
#5......####
#.......#
.........#
..........#
...........#
####.......#
#.......#


You could see an iron imp, Natasha and a crimson imp.

Vanquished Creatures
  Natasha (D:2)
  3 leopard geckos (D:1)
  8 bats (D:1)
  2 giant cockroaches (D:1)
  4 hobgoblins (D:1)
  5 goblins (D:1)
  3 kobolds
  4 rats (D:1)
30 creatures vanquished.

Vanquished Creatures (others)
  44 foxfires
44 creatures vanquished.

Grand Total: 74 creatures vanquished

Notes
Turn   | Place    | Note
-------+----------+-------------------------------------------
     0 | D:1      | 15 the Tengu Fire Elementalist began the quest for the Orb.
     0 | D:1      | Reached XP level 1. HP: 10/10 MP: 4/4
   290 | D:1      | Reached XP level 2. HP: 15/15 MP: 4/6
   334 | D:1      | Upgraded the game from 0.25-a0-426-g7d9e569 to
                  | 0.25-a0-429-g4e43983
   420 | D:1      | Reached skill level 4 in Fire Magic
   420 | D:1      | Reached XP level 3. HP: 19/19 MP: 4/7
   614 | D:1      | Learned a level 3 spell: Conjure Flame
   899 | D:2      | Noticed Natasha
   908 | D:2      | Killed Natasha
   908 | D:2      | Reached XP level 4. HP: 24/24 MP: 3/8
   925 | D:2      | Noticed Natasha
   937 | D:2      | Slain by Natasha

Levels and vault maps discovered:
D:1:      minmay_arrival_stair_chambers, layout_loops_ring
D:2:      layout_basic, minmay_tiny_reverse_x, uniq_natasha, uniq_terence,
          uniq_jessica

Skill      XL: |  1  2 |
---------------+-------+-----
Fire Magic     | 4 |  4.2
Dodging        | |  2.8
Stealth        | |  2.4
Spellcasting   | |  2.4
Conjurations   | |  1.7

Action                   |  1- 3 |  4- 6 || total
-------------------------+-------+-------++-------
Melee: Unarmed           |    12 |       ||    12
       Kick              |    12 |     3 ||    15
       Mace              |    11 |       ||    11
       Dagger            |    12 |     5 ||    17
       Peck              |     2 |       ||     2
 Cast: Foxfire           |    30 |     1 ||    31
  Use: Scroll            |     5 |     1 ||     6
       Potion            |       |     2 ||     2
 Stab: Sleeping          |     4 |       ||     4
  Eat: Chunk             |       |     1 ||     1
Armor: Robe              |     8 |       ||     8
Dodge: Dodged            |    19 |     3 ||    22

Table legend:
 A = Non-vault XP
 B = Vault XP
 C = Vault XP percentage of total XP
 D = Non-vault monster count
 E = Vault monster count
 F = Vault count percentage of total count
                 A         B        C        D         E       F
            +---------+---------+-------+---------+---------+-------
      Total |      51 |      35 |  40.7 |      29 |       1 |   3.3
            +---------+---------+-------+---------+---------+-------
        D:1 |      49 |       0 |   0.0 |      28 |       0 |   0.0
        D:2 |       2 |      35 |  94.6 |       1 |       1 |  50.0
            +---------+---------+-------+---------+---------+-------
